 Dungeon Crawl Stone Soup version 0.27-a0-1206-g6342a01c75 (webtiles) character file.

Game seed: 2011982839298493554

14 Glokmah the Insei (level 2, -3/18 HPs)
             Began as an Octopode Transmuter on June 5, 2021.
             Slain by a gnoll
             ... wielding a +2 flail of holy wrath
              (7 damage)
             ... on level 1 of the Dungeon.
             The game lasted 00:00:58 (1122 turns).

Glokmah the Insei (Octopode Transmuter)             Turns: 1122, Time: 00:00:59

Health: -3/18      AC:  1    Str:  9    XL:     2   Next: 45%
Magic:  3/5        EV: 13    Int: 15    God:
Gold:   25         SH:  0    Dex: 12    Spells: 2/5 levels left

rFire    . . .     SeeInvis .     - Unarmed
rCold    . . .     Faith    .   (no shield)
rNeg     . . .     Spirit   .   (helmet currently unavailable)
rPois    .         Reflect  .   (no amulet)
rElec    .         Harm     .   (no ring)
rCorr    .         Rampage  .   (no ring)
Will     .....                  (no ring)
Stlth    ++........             (no ring)
HPRegen  0.06/turn              (no ring)
MPRegen  0.09/turn              (no ring)
                                (no ring)
                                (no ring)

@: appendages (expiring), wereblooded
A: tentacle spike 3, almost no armour, amphibious, 8 rings, camouflage 1,
gelatinous body 1, (nimble swimmer 1), tentacles
a: End Transformation


You were on level 1 of the Dungeon.
One of your tentacles had grown a beastly spike.
You visited 1 branch of the dungeon, and saw 2 of its levels.

You collected 25 gold pieces.

Inventory:

Missiles
 d - 3 curare-tipped darts
Scrolls
 b - a scroll of enchant armour {unknown}
 c - a scroll of blinking {unknown}
Potions
 a - a potion of heal wounds {unknown}
 e - a potion of degeneration {unknown}


   Skills:
 + Level 1.3 Fighting
 - Level 2.0 Dodging
 * Level 3.2 Unarmed Combat
 + Level 2.1 Spellcasting
 * Level 2.3 Transmutations


You had 2 spell levels left.
You knew the following spells:

 Your Spells              Type           Power      Damage    Failure   Level
a - Beastly Appendage     Tmut           16%        N/A       9%          1
b - Wereblood             Tmut           8%         N/A       13%         2

Your spell library contained the following spells:

 Spells                   Type           Power      Damage    Failure   Level
 Spider Form              Tmut/Pois      2%         N/A       38%         3
 Ice Form                 Ice/Tmut       5%         N/A       80%         4
 Hydra Form               Tmut           4%         N/A       93%         5


Dungeon Overview and Level Annotations

Branches:
Dungeon (2/15)

Altars:


Innate Abilities, Weirdness & Mutations

One of your tentacles has grown a beastly spike.
You cannot wear most types of armour.
You are amphibious.
You can wear up to eight rings at the same time.
Your skin changes colour to match your surroundings (Stealth+).
Your rubbery body absorbs attacks. (AC +1, EV +1)
((You are camouflaged near water. (Stealth+)))
You have tentacles for arms and can constrict up to eight enemies at once.


Message History

Your grab misses the kobold.
The kobold is severely wounded.
The kobold hits you with a +0 dagger.
* * * LOW HITPOINT WARNING * * *
You closely miss the kobold. Your grab misses the kobold.
The kobold is severely wounded.
The kobold barely misses you.
You tentacle-slap the kobold.
You kill the kobold!
Things that are here:
a +0 dagger; a kobold corpse Your transformation is almost over.
Your tentacle spike disappears.
Done exploring.
Done exploring.
There is a stone staircase leading down here.
You climb downwards.
A worm, an endoplasm and a gnoll come into view.
The gnoll is wielding a +2 flail of holy wrath.
Found a stone staircase leading up and a stone staircase leading down.
There is a stone staircase leading up here.
Casting: Beastly Appendage (safe; 9% risk of failure)
Confirm with . or Enter, or press ? or * to list all spells.
Your blood is infused with primal strength.
Casting: Wereblood (safe; 13% risk of failure)
Confirm with . or Enter, or press ? or * to list all spells.
One of your tentacles grows a vicious spike.
The gnoll shouts!
A gnoll comes into view. It is wielding a +0 spear.
The gnoll shouts!
You hear a shout!
A goblin comes into view. It is wielding a +0 club.
A gnoll comes into view. It is wielding a +0 halberd.
Your transformation is almost over.
The gnoll hits you with a +2 flail of holy wrath!
Ouch! That really hurt!
* * * LOW HITPOINT WARNING * * *
You climb upwards.
There is a stone staircase leading down here.
The gnoll hits you with a +2 flail of holy wrath!
You die...

#)............# ######## #
#.............# #
#.............# #
#.......##.#### #
#####.......##.# #
#.....#.######.#
#.....#........# ####
#..÷....######.# #...
######...######@##### #...
#.............g>....# #...
#.#....⌠.######w###.#########...
#........######.# #.............
#...._.⌠.##.....####..#######...
#.......###..>).......#### #...
#..⌠....# #.....####...).# ####
#.####.####........#.....# #.#
#.........##...#.....#


You could see a worm and a gnoll.

Vanquished Creatures
  2 ball pythons (D:1)
  A bat (D:1)
  3 endoplasms (D:1)
  A giant cockroach (D:1)
  2 kobolds (D:1)
  A frilled lizard (D:1)
  3 rats (D:1)
13 creatures vanquished.

Notes
Turn   | Place    | Note
-------+----------+-------------------------------------------
     0 | D:1      | Glokmah the Octopode Transmuter began the quest for the
                  | Orb.
     0 | D:1      | Reached XP level 1. HP: 13/13 MP: 3/3
   384 | D:1      | Reached XP level 2. HP: 18/18 MP: 3/5
   388 | D:1      | Learned a level 2 spell: Wereblood
   776 | D:1      | Found a faded altar of an unknown god.
  1122 | D:1      | Slain by a gnoll

Illustrated notes

Levels and vault maps discovered:
D:1:      onia_arrival_pentagram, layout_basic,
          hellmonk_ecumenical_altar_run_dry
D:2:      minmay_razor_zed, layout_loops_ring

Action                   || total
-------------------------++-------
Melee: Unarmed           ||    35
       Constrict         ||     4
       Tentacles         ||     1
       Kick              ||     4
 Cast: Beastly Appendage ||     7
       Wereblood         ||     2
 Stab: Sleeping          ||     5
Armor: Skin              ||     3
Dodge: Dodged            ||    17

Table legend: (Time is in decaauts)
 A = Elapsed time spent in this place.
 B = Non-inter-level travel time spent in this place.
 C = Inter-level travel time spent in this place.
 D = Time resting spent in this place.
 E = Time spent auto-exploring this place.
 F = Levels seen in this place.
 G = Mean time per level.
                   A        B        C        D        E       F      G
               +--------+--------+--------+--------+--------+-----+--------+
         Total |   1120 |   1099 |     21 |      0 |    981 |   2 |  560.0 |
       Dungeon |   1120 |   1099 |     21 |      0 |    981 |   2 |  560.0 |
               +--------+--------+--------+--------+--------+-----+--------+

Top non-repeatable levels by time:
     D:1: 1111 daAuts
     D:2: 8 daAuts
